 Dungeon Crawl Stone Soup version 0.23.2-40-g277498a (webtiles) character file.

Game seed: 6407921127199167723

114 BoppinsLewinski the Charmwright (level 5, 0/39 HPs)
             Began as a Human Skald on Sept 3, 2019.
             Slain by an orc priest (2 damage)
             ... on level 3 of the Dungeon.
             The game lasted 00:05:09 (2039 turns).

BoppinsLewinski the Charmwright (Human Skald)       Turns: 2039, Time: 00:05:09

Health: 0/39       AC:  6    Str: 12    XL:     5   Next: 19%
Magic:  5/8        EV:  9    Int: 14    God:
Gold:   132        SH:  0    Dex: 12    Spells: 7/8 levels left

rFire    . . .     SeeInvis .   a - +1 falchion
rCold    . . .     Gourm    .   (no shield)
rNeg     . . .     Faith    .   l - +0 scale mail
rPois    .         Spirit   .   (no helmet)
rElec    .         Reflect  .   (no cloak)
rCorr    .         Harm     .   (no gloves)
MR       .....                  (no boots)
Stlth    ..........             (no amulet)
HPRegen  0.13/turn              (no ring)
MPRegen  0.11/turn              (no ring)

@: very slightly contaminated
A: no striking features
a: no special abilities


You were on level 3 of the Dungeon.
You were not hungry.

You visited 1 branch of the dungeon, and saw 3 of its levels.

You collected 132 gold pieces.

Inventory:

Hand Weapons
 a - a +1 falchion (weapon)
Armour
 l - a +0 scale mail (worn)
Jewellery
 g - a +6 ring of intelligence {unknown}
Scrolls
 b - 7 scrolls of identify {unknown}
 i - a scroll of remove curse {unknown}
 j - a scroll of fog {unknown}
Comestibles
 d - 3 rations


   Skills:
 + Level 2.6 Fighting
 * Level 3.1 Long Blades
 + Level 1.8 Armour
 + Level 2.5 Dodging
 + Level 2.4 Spellcasting
 + Level 3.4 Charms


You had 7 spell levels left.
You knew the following spells:

 Your Spells              Type           Power        Failure   Level  Hunger
a - Infusion              Chrm           ##..         28%         1    #......

Your spell library contained the following spells:

 Spells                   Type           Power        Failure   Level  Hunger
 Song of Slaying          Chrm           ##......     38%         2    ###....
 Shroud of Golubria       Chrm/Tloc      #.........   65%         2    ###....
 Regeneration             Chrm/Necr      #.........   86%         3    ###....
 Spectral Weapon          Hex/Chrm       #.......     86%         3    ###....


Dungeon Overview and Level Annotations

Branches:
Dungeon (3/15)

Altars:


Message History

You miscast Infusion.
You are very lightly contaminated with residual magic.
Nothing appears to happen.
The orc priest closely misses you.
You barely miss the orc priest.
The orc priest is heavily wounded.
The orc priest hits you.
* * * LOW HITPOINT WARNING * * *
You barely miss the orc priest.
The orc priest is heavily wounded.
The orc priest hits you but does no damage.
You hit the orc priest but do no damage.
The orc priest is heavily wounded.
The orc priest barely misses you.
You closely miss the orc priest.
The orc priest is heavily wounded.
The orc priest hits you but does no damage. x2
You hit the orc priest.
The orc priest is severely wounded.
The orc priest hits you.
You die...

## ## #. .# .#.
... #.# #o# #@#
#.# #.# #)#
#.######.## #
#....).)#.##.#####
######.###........
##.#.######## #.##


You could see an orc priest.

Vanquished Creatures
  An orc wizard (D:3)
  2 adders (D:2)
  2 worms (D:2)
  2 dart slugs
  2 leopard geckos
  4 orcs (D:3)
  7 bats
  2 giant cockroaches
  4 goblins (D:1)
  7 hobgoblins
  4 jackals (D:1)
  7 kobolds
  A quokka (D:3)
  2 frilled lizards (D:2)
  4 rats
51 creatures vanquished.

Notes
Turn   | Place    | Note
-------+----------+-------------------------------------------
     0 | D:1      | BoppinsLewinski the Human Skald began the quest for the
                  | Orb.
     0 | D:1      | Reached XP level 1. HP: 16/16 MP: 3/3
    72 | D:1      | Reached XP level 2. HP: 14/22 MP: 5/5
   233 | D:1      | Reached XP level 3. HP: 22/27 MP: 6/6
  1020 | D:2      | Reached XP level 4. HP: 29/34 MP: 7/7
  1801 | D:3      | Reached XP level 5. HP: 26/39 MP: 1/8
  2035 | D:3      | HP: 1/39 [orc priest (3)]
  2039 | D:3      | Slain by an orc priest

Skill      XL: |  1  2  3  4 |
---------------+-------------+-----
Long Blades    | 3 |  3.1
Fighting       | |  2.6
Armour         | |  1.8
Dodging        | |  2.5
Spellcasting   | |  2.4
Charms         | |  3.4

Action                   |  1- 3 |  4- 6 || total
-------------------------+-------+-------++-------
Melee: Falchion          |    58 |   130 ||   188
 Cast: Infusion          |     1 |     2 ||     3
  Use: Potion            |       |     4 ||     4
       Scroll            |       |     1 ||     1
 Stab: Distracted        |     1 |       ||     1
  Eat: Chunk             |       |     4 ||     4
Armor: Ring mail         |    26 |     4 ||    30
       Leather armour    |     1 |       ||     1
       Scale mail        |       |    50 ||    50
Dodge: Dodged            |    35 |    46 ||    81
       Rpst.: Falchion   |    14 |    12 ||    26
